Jets vs Panthers

Created - December-23-14 at 17:08

Goals
1 2 3 T
Jets 5 0 0 5
Panthers 3 2 2 7
Shots
1 2 3 T
Jets 21 15 12 48
Panthers 8 10 9 27

1st period

1. Jets , Connor Murphy 5 (Kimmo Timonen, Joe Pavelski) at 3:07 (PP)
2. Jets , Anders Lee 10 (Kimmo Timonen, Joe Pavelski) at 7:02
3. Jets , Anders Lee 11 (Corey Perry, Joe Pavelski) at 9:28
4. Panthers , David Backes 18 (Danny DeKeyser, Patric Hornqvist) at 9:37
5. Jets , Matt Read 7 (Josh Bailey, Nick Bonino) at 11:29
6. Panthers , Danny DeKeyser 5 (Hampus Lindholm, Henrik Zetterberg) at 12:57 (PP)
7. Jets , Andre Benoit 9 (Jamie Benn, Troy Brouwer) at 14:56 (PP)
8. Panthers , Matt Duchene 11 (T.J. Brodie, Nathan MacKinnon) at 18:34

Penalties :
Marian Hossa (FLA) for Roughing (Minor) at 1:31, Connor Murphy (WPG) for Holding Stick (Minor) at 11:34, T.J. Brodie (FLA) for Holding (Minor) at 13:00, David Backes (FLA) for Tripping (Minor) at 18:12, Jonathan Ericsson (WPG) for Holding (Minor) at 18:12

2nd period

9. Panthers , Henrik Zetterberg 17 (Niklas Hjalmarsson, Danny DeKeyser) at 5:29
10. Panthers , Justin Williams 10 (Hampus Lindholm, Nathan MacKinnon) at 15:12

Penalties :
Jamie Benn (WPG) for Hooking (Minor) at 11:27, Corey Perry (WPG) for Interference (Minor) at 16:08

3rd period

11. Panthers , Justin Williams 11 (Hampus Lindholm, Nathan MacKinnon) at 2:49
12. Panthers , David Backes 19 (Rick Nash, Matt Carle) at 3:33

Penalties :
David Backes (FLA) for High sticking (Minor) at 8:41, Connor Murphy (WPG) for Hooking (Minor) at 13:37, Matt Carle (FLA) for Cross-checking (Minor) at 18:11, Philipp Grubauer (FLA) for Slashing (Minor) at 18:19 - T.J. Brodie served the penalty., Philipp Grubauer (FLA) for Delaying the game (Minor) at 18:55 - Niklas Hjalmarsson served the penalty.

Goalie Stats

Cory Schneider (WPG), 4 saves from 4 shots - (1.000), 16:27 minutes
Tim Thomas (WPG), 16 saves from 23 shots - (0.696), L, 3-6-1, 43:33 minutes
Ben Bishop (FLA), 12 saves from 16 shots - (0.750), 11:29 minutes
Philipp Grubauer (FLA), 31 saves from 32 shots - (0.969), W, 1-1-0, 48:31 minutes

Players Stats for Jets

Player Name              G  A  P  +/- PIM S  H  SB GA TA FO     MP     PP MP  PK MP  
------------------------------------------------------------------------------------
Anders Lee               2  0  2   0  0   4  2  0  0  0  1/1    20:47   3:45   0:29 
Andre Benoit             1  0  1  -1  0   3  1  0  0  0  0/0    20:57   2:42   2:36 
Boyd Gordon              0  0  0   0  0   1  0  0  0  0  9/15    8:48   0:00   5:37 
Christian Ehrhoff        0  0  0  -2  0   1  0  1  0  0  0/0    19:31   2:42   0:10 
Connor Murphy            1  0  1   0  4   4  5  0  0  0  0/0    23:04   4:37   1:15 
Corey Perry              0  1  1  -1  2   4  3  0  0  0  0/1    21:38   3:45   0:00 
Jamie Benn               0  1  1  -1  2   4  0  0  0  0  14/29  20:37   3:34   1:29 
Jason Garrison           0  0  0  -1  0   1  0  0  0  0  0/0    12:27   0:00   0:00 
Joe Pavelski             0  3  3  -1  0   11 1  1  0  0  25/38  21:39   3:45   0:00 
Jonathan Ericsson        0  0  0   0  2   0  0  2  0  0  0/0     9:53   0:00   3:44 
Josh Bailey              0  1  1  -1  0   1  0  0  0  0  1/1     8:41   0:00   0:00 
Kimmo Timonen            0  2  2  -1  0   3  0  0  0  0  0/0    25:11   4:37   3:19 
Matt Moulson             0  0  0  -1  0   2  0  0  0  0  1/2    19:09   3:34   0:00 
Matt Read                1  0  1  -1  0   4  1  1  0  0  1/1    17:46   0:00   5:54 
Nick Bonino              0  1  1  -1  0   3  0  0  0  0  3/11    8:41   0:00   0:00 
Nicklas Grossmann        0  0  0  -1  0   0  2  1  0  0  0/0     8:54   0:00   3:36 
Pascal Dupuis            0  0  0   0  0   0  0  0  0  0  0/0     4:22   0:00   1:11 
Troy Brouwer             0  1  1  -1  0   2  1  1  0  0  0/1    18:31   3:34   0:00 

Players Stats for Panthers

Player Name              G  A  P  +/- PIM S  H  SB GA TA FO     MP     PP MP  PK MP  
------------------------------------------------------------------------------------
Clarke MacArthur         0  0  0   2  0   4  2  0  0  0  0/0    10:35   0:00   0:09 
Danny DeKeyser           1  2  3   0  0   3  3  2  0  0  0/0    25:47   3:25   3:42 
David Backes             2  0  2   2  4   3  5  1  0  0  13/31  21:53   3:32   4:19 
Hampus Lindholm          0  3  3   2  0   0  0  3  0  0  0/0    15:38   3:25   0:56 
Henrik Zetterberg        1  1  2  -2  0   2  1  0  0  0  5/7    24:15   3:48   1:47 
Jordin Tootoo            0  0  0   0  0   0  0  0  0  0  0/0     0:00   0:00   0:00 
Justin Williams          2  0  2   2  0   2  0  0  0  0  0/1    10:26   0:00   0:00 
Lauri Korpikoski         0  0  0   0  0   0  1  0  0  0  0/0     5:21   0:00   4:29 
Marian Hossa             0  0  0  -2  2   1  0  0  0  0  1/1    21:59   3:02   0:28 
Matt Carle               0  1  1   0  2   0  3  2  0  0  0/0    22:12   3:55   3:03 
Matt Duchene             1  0  1  -1  0   4  1  0  0  0  17/32  23:07   3:48   0:00 
Nathan MacKinnon         0  3  3   3  0   1  3  0  0  0  5/18   16:35   3:48   0:00 
Niklas Hjalmarsson       0  1  1   1  0   0  0  1  0  0  0/0    21:33   0:00   2:44 
Patric Hornqvist         0  1  1   2  0   3  1  0  0  0  2/6    19:22   3:32   1:46 
Rick Nash                0  1  1   2  0   0  0  0  0  0  2/2    14:34   0:30   0:00 
Rob Klinkhammer          0  0  0   0  0   0  0  0  0  0  0/2     0:52   0:00   0:00 
Sami Salo                0  0  0   2  0   1  1  3  0  0  0/0    13:11   0:00   1:54 
T.J. Brodie              0  1  1   1  2   3  2  0  0  0  0/0    21:37   3:55   2:19 

3 Stars

1 - Nathan MacKinnon (FLA)
2 - Justin Williams (FLA)
3 - Danny DeKeyser (FLA)

Power Play

Jets - 2 on 6 Attempt(s) - 33.33%
Panthers - 1 on 4 Attempt(s) - 25.00%

Penalty Kill

Jets - 3 on 4 Attempt(s) - 75.00% - Score 0 goal in Penalty Kill
Panthers - 4 on 6 Attempt(s) - 66.67% - Score 0 goal in Penalty Kill

Team Stat

Jets - Hits : 16 - Faceoff Wins : 55 - Blocked Shots : 7 - Penalty Minutes : 10
Panthers - Hits : 23 - Faceoff Wins : 45 - Blocked Shots : 12 - Penalty Minutes : 10

Official

Referees : Stephen Walkom and Trent Knorr
Linesman : Steve Barton and Brian Murphy

Game Notes

Philipp Grubauer enters game at 11:29 of 1st period
Cory Schneider enters game at 3:33 of 3rd period

Finance

Level 1 -- Attendance: 6000 (100.00%) -- Ticket Income $642,000
Level 2 -- Attendance: 4883 (97.66%) -- Ticket Income $375,991
Level 3 -- Attendance: 3500 (100.00%) -- Ticket Income $182,000
Level 4 -- Attendance: 2763 (73.68%) -- Ticket Income $69,075
Luxury Box -- Attendance: 878 (87.80%) -- Ticket Income $175,600
Game was played at the BBT Center'
Total Attendance: 18024 (93.63%)
Total Ticket Income: $1,444,666
Other Income: $216,700
Total Income: $1,661,366

% Time on Ice - Jets

Lines # - Real PCT - Wanted PCT - Time Play
Normal Forward
1 - 38% - 40% - 16:33
2 - 34% - 31% - 14:57
3 - 20% - 19% - 8:41
4 - 7% - 10% - 3:11
Normal Defense
1 - 37% - 43% - 16:15
2 - 36% - 34% - 15:39
3 - 14% - 13% - 6:10
4 - 12% - 10% - 5:18
PP Forward
1 - 51% - 70% - 3:45
2 - 49% - 30% - 3:34
PP Defense
1 - 63% - 70% - 4:37
2 - 37% - 30% - 2:42
PK Forward
1 - 100% - 75% - 7:20
2 - 0% - 25% - 0:00
PK Defense
1 - 51% - 60% - 3:44
2 - 49% - 40% - 3:36
PK3 Forward
1 - 0% - 70%
2 - 0% - 30%
PK3 Defense
1 - 0% - 60%
2 - 0% - 40%
44 Forward
1 - 68% - 60% - 1:21
2 - 32% - 40% - 0:38
44 Defense
1 - 50% - 51% - 0:59
2 - 50% - 49% - 1:00
Last Minute Offensive  - 0:00
Last Minute Defensive  - 0:00
Total
Forward - 60:00
Defense - 60:00

% Time on Ice - Panthers

Lines # - Real PCT - Wanted PCT - Time Play
Normal Forward
1 - 42% - 40% - 18:00
2 - 32% - 32% - 14:04
3 - 24% - 23% - 10:26
4 - 2% - 5% - 0:52
Normal Defense
1 - 41% - 40% - 17:45
2 - 33% - 35% - 14:20
3 - 26% - 25% - 11:17
4 - 0% - 0% - 0:00
PP Forward
1 - 52% - 60% - 3:48
2 - 48% - 40% - 3:32
PP Defense
1 - 47% - 60% - 3:25
2 - 53% - 40% - 3:55
PK Forward
1 - 82% - 65% - 4:38
2 - 18% - 35% - 1:01
PK Defense
1 - 44% - 60% - 2:28
2 - 56% - 40% - 3:11
PK3 Forward
1 - 100% - 65% - 1:40
2 - 0% - 35% - 0:00
PK3 Defense
1 - 0% - 60% - 0:00
2 - 100% - 40% - 1:40
44 Forward
1 - 75% - 60% - 1:29
2 - 25% - 40% - 0:30
44 Defense
1 - 54% - 60% - 1:04
2 - 46% - 40% - 0:55
Last Minute Offensive  - 0:00
Last Minute Defensive  - 0:00
Total
Forward - 60:00
Defense - 60:00

Play by Play

1st period


0:01 of 1st period - Matt Duchene wins face-off versus Joe Pavelski in neutral zone.
0:03 of 1st period - Off-side.
0:04 of 1st period - Patric Hornqvist wins face-off versus Jamie Benn in neutral zone.
0:56 of 1st period - Icing by Andre Benoit.
0:57 of 1st period - Matt Duchene wins face-off versus Jamie Benn in Jets zone.
1:19 of 1st period - Joe Pavelski is hit by Danny DeKeyser and loses puck.
1:31 of 1st period - Minor Penalty to Marian Hossa for Roughing.
1:32 of 1st period - Joe Pavelski wins face-off versus David Backes in Panthers zone.
1:32 of 1st period - Joe Pavelski is hit by Matt Carle.
1:40 of 1st period - Shot by Joe Pavelski.
1:40 of 1st period - Stopped by Ben Bishop without a rebound.
1:41 of 1st period - Joe Pavelski wins face-off versus David Backes in Panthers zone.
1:44 of 1st period - Shot by Connor Murphy.
1:44 of 1st period - Stopped by Ben Bishop with a rebound.
1:46 of 1st period - Shot by Kimmo Timonen.
1:46 of 1st period - Shot Misses the Net.
1:48 of 1st period - Shot by Kimmo Timonen.
1:48 of 1st period - Shot Misses the Net.
1:50 of 1st period - Shot by Connor Murphy.
1:50 of 1st period - Stopped by Ben Bishop without a rebound.
1:51 of 1st period - Jamie Benn wins face-off versus David Backes in Panthers zone.
2:37 of 1st period - Icing by Andre Benoit.
2:38 of 1st period - Henrik Zetterberg wins face-off versus Jamie Benn in Jets zone.
2:39 of 1st period - Shot by Patric Hornqvist.
2:39 of 1st period - Shot Misses the Net.
3:05 of 1st period - Shot by Kimmo Timonen.
3:05 of 1st period - Stopped by Ben Bishop with a rebound.
3:07 of 1st period - Shot by Connor Murphy.
3:07 of 1st period - Goal by Connor Murphy - Jets : 1 - Panthers : 0.
3:08 of 1st period - Nick Bonino wins face-off versus Nathan MacKinnon in neutral zone.
3:10 of 1st period - Jason Garrison is hit by Sami Salo and loses puck.
3:23 of 1st period - Shot by Matt Read.
3:23 of 1st period - Stopped by Ben Bishop with a rebound.
3:25 of 1st period - Shot by Nick Bonino.
3:25 of 1st period - Stopped by Ben Bishop with a rebound.
3:27 of 1st period - Shot by Josh Bailey.
3:27 of 1st period - Stopped by Ben Bishop without a rebound.
3:28 of 1st period - Joe Pavelski wins face-off versus Matt Duchene in Panthers zone.
4:50 of 1st period - Shot by Nathan MacKinnon.
4:50 of 1st period - Stopped by Tim Thomas without a rebound.
4:51 of 1st period - Jamie Benn wins face-off versus David Backes in Jets zone.
4:51 of 1st period - Andre Benoit is hit by David Backes and loses puck.
5:18 of 1st period - Jamie Benn is hit by David Backes and loses puck.
5:36 of 1st period - Jamie Benn is hit by Matt Carle and loses puck.
7:02 of 1st period - Shot by Anders Lee.
7:02 of 1st period - Goal by Anders Lee - Jets : 2 - Panthers : 0.
7:03 of 1st period - Matt Moulson wins face-off versus Nathan MacKinnon in neutral zone.
7:15 of 1st period - Shot by Troy Brouwer.
7:15 of 1st period - Stopped by Ben Bishop without a rebound.
7:16 of 1st period - Josh Bailey wins face-off versus Rob Klinkhammer in Panthers zone.
7:17 of 1st period - Shot by Nick Bonino.
7:17 of 1st period - Stopped by Ben Bishop without a rebound.
7:18 of 1st period - Joe Pavelski wins face-off versus Nathan MacKinnon in Panthers zone.
7:22 of 1st period - Icing by Hampus Lindholm.
7:23 of 1st period - Joe Pavelski wins face-off versus Nathan MacKinnon in Panthers zone.
7:36 of 1st period - Shot by Corey Perry.
7:36 of 1st period - Deflect By Joe Pavelski.
7:36 of 1st period - Shot Blocked by Hampus Lindholm.
7:38 of 1st period - Shot by Connor Murphy.
7:38 of 1st period - Shot Misses the Net.
7:40 of 1st period - Shot by Joe Pavelski.
7:40 of 1st period - Deflect By Corey Perry.
7:40 of 1st period - Shot Misses the Net.
7:50 of 1st period - Shot by Joe Pavelski.
7:50 of 1st period - Stopped by Ben Bishop without a rebound.
7:51 of 1st period - Matt Duchene wins face-off versus Nick Bonino in Panthers zone.
7:56 of 1st period - Shot by Nick Bonino.
7:56 of 1st period - Shot Misses the Net.
8:12 of 1st period - Shot by Nick Bonino.
8:12 of 1st period - Stopped by Ben Bishop without a rebound.
8:13 of 1st period - David Backes wins face-off versus Joe Pavelski in Panthers zone.
8:13 of 1st period - David Backes is hit by Corey Perry.
8:23 of 1st period - Off-side.
8:24 of 1st period - Nick Bonino wins face-off versus Matt Duchene in neutral zone.
8:50 of 1st period - Icing by Matt Carle.
8:51 of 1st period - Joe Pavelski wins face-off versus Matt Duchene in Panthers zone.
9:07 of 1st period - Henrik Zetterberg is hit by Connor Murphy and loses puck.
9:26 of 1st period - Shot by Corey Perry.
9:26 of 1st period - Shot Misses the Net.
9:28 of 1st period - Shot by Anders Lee.
9:28 of 1st period - Goal by Anders Lee - Jets : 3 - Panthers : 0.
9:29 of 1st period - David Backes wins face-off versus Jamie Benn in neutral zone.
9:35 of 1st period - Shot by Danny DeKeyser.
9:35 of 1st period - Shot Misses the Net.
9:37 of 1st period - Shot by David Backes.
9:37 of 1st period - Goal by David Backes - Jets : 3 - Panthers : 1.
9:38 of 1st period - David Backes wins face-off versus Jamie Benn in neutral zone.
9:57 of 1st period - Shot by Jamie Benn.
9:57 of 1st period - Shot Misses the Net.
10:05 of 1st period - Troy Brouwer is hit by David Backes and loses puck.
10:30 of 1st period - Off-side.
10:31 of 1st period - Joe Pavelski wins face-off versus Nathan MacKinnon in neutral zone.
10:35 of 1st period - Off-side.
10:36 of 1st period - Joe Pavelski wins face-off versus Nathan MacKinnon in neutral zone.
10:39 of 1st period - Shot by Corey Perry.
10:39 of 1st period - Stopped by Ben Bishop without a rebound.
10:40 of 1st period - Joe Pavelski wins face-off versus Nathan MacKinnon in Panthers zone.
11:05 of 1st period - Shot by Clarke MacArthur.
11:05 of 1st period - Stopped by Tim Thomas without a rebound.
11:06 of 1st period - Matt Duchene wins face-off versus Nick Bonino in Jets zone.
11:24 of 1st period - Matt Read is hit by Danny DeKeyser and loses puck.
11:29 of 1st period - Shot by Matt Read.
11:29 of 1st period - Goal by Matt Read - Jets : 4 - Panthers : 1.
11:29 of 1st period - Philipp Grubauer enters game.
11:30 of 1st period - Nathan MacKinnon wins face-off versus Joe Pavelski in neutral zone.
11:34 of 1st period - Minor Penalty to Connor Murphy for Holding Stick.
11:35 of 1st period - Matt Duchene wins face-off versus Boyd Gordon in Jets zone.
12:01 of 1st period - Henrik Zetterberg is hit by Nicklas Grossmann and loses puck.
12:08 of 1st period - Shot by Matt Duchene.
12:08 of 1st period - Shot Misses the Net.
12:10 of 1st period - Shot by Danny DeKeyser.
12:10 of 1st period - Deflect By Matt Duchene.
12:10 of 1st period - Stopped by Tim Thomas without a rebound.
12:11 of 1st period - Boyd Gordon wins face-off versus David Backes in Jets zone.
12:11 of 1st period - Kimmo Timonen is hit by David Backes and loses puck.
12:35 of 1st period - Shot by Marian Hossa.
12:35 of 1st period - Shot Blocked by Matt Read.
12:37 of 1st period - Shot by T.J. Brodie.
12:37 of 1st period - Stopped by Tim Thomas without a rebound.
12:38 of 1st period - Jamie Benn wins face-off versus Matt Duchene in Jets zone.
12:55 of 1st period - Shot by Danny DeKeyser.
12:55 of 1st period - Shot Misses the Net.
12:57 of 1st period - Shot by Danny DeKeyser.
12:57 of 1st period - Goal by Danny DeKeyser - Jets : 4 - Panthers : 2.
12:58 of 1st period - Joe Pavelski wins face-off versus Patric Hornqvist in neutral zone.
13:00 of 1st period - Minor Penalty to T.J. Brodie for Holding.
13:01 of 1st period - David Backes wins face-off versus Joe Pavelski in Panthers zone.
13:01 of 1st period - David Backes is hit by Corey Perry.
13:26 of 1st period - Shot by Joe Pavelski.
13:26 of 1st period - Stopped by Philipp Grubauer without a rebound.
13:27 of 1st period - Jamie Benn wins face-off versus David Backes in Panthers zone.
13:50 of 1st period - Shot by Jamie Benn.
13:50 of 1st period - Stopped by Philipp Grubauer without a rebound.
13:51 of 1st period - Joe Pavelski wins face-off versus David Backes in Panthers zone.
13:58 of 1st period - Shot by Kimmo Timonen.
13:58 of 1st period - Shot Blocked by Sami Salo.
14:56 of 1st period - Shot by Andre Benoit.
14:56 of 1st period - Goal by Andre Benoit - Jets : 5 - Panthers : 2.
14:57 of 1st period - Nick Bonino wins face-off versus Nathan MacKinnon in neutral zone.
15:17 of 1st period - Off-side.
15:18 of 1st period - Matt Duchene wins face-off versus Jamie Benn in neutral zone.
15:29 of 1st period - Shot by Matt Duchene.
15:29 of 1st period - Deflect By Henrik Zetterberg.
15:29 of 1st period - Shot Blocked by Troy Brouwer.
15:32 of 1st period - Icing by Matt Moulson.
15:33 of 1st period - Jamie Benn wins face-off versus Nathan MacKinnon in Jets zone.
15:33 of 1st period - Jamie Benn is hit by Nathan MacKinnon.
15:36 of 1st period - Andre Benoit is hit by Clarke MacArthur and loses puck.
16:43 of 1st period - Shot by Joe Pavelski.
16:43 of 1st period - Stopped by Philipp Grubauer with a rebound.
16:49 of 1st period - Shot by Joe Pavelski.
16:49 of 1st period - Shot Misses the Net.
17:07 of 1st period - Shot by Corey Perry.
17:07 of 1st period - Shot Misses the Net.
17:09 of 1st period - Shot by Joe Pavelski.
17:09 of 1st period - Shot Misses the Net.
17:15 of 1st period - Shot by Joe Pavelski.
17:15 of 1st period - Stopped by Philipp Grubauer with a rebound.
17:45 of 1st period - Shot by David Backes.
17:45 of 1st period - Shot Blocked by Jonathan Ericsson.
18:12 of 1st period - Minor Penalty to David Backes for Tripping.
18:12 of 1st period - Minor Penalty to Jonathan Ericsson for Holding.
18:13 of 1st period - Joe Pavelski wins face-off versus Matt Duchene in Jets zone.
18:34 of 1st period - Shot by Matt Duchene.
18:34 of 1st period - Goal by Matt Duchene - Jets : 5 - Panthers : 3.
18:35 of 1st period - Henrik Zetterberg wins face-off versus Joe Pavelski in neutral zone.
18:44 of 1st period - Shot by Henrik Zetterberg.
18:44 of 1st period - Stopped by Tim Thomas without a rebound.
18:45 of 1st period - Matt Duchene wins face-off versus Joe Pavelski in Jets zone.
19:01 of 1st period - Nathan MacKinnon is hit by Connor Murphy.
Goals for this period are 5 for Jets vs 3 for Panthers.
Shots for this period are 21 for Jets vs 8 for Panthers.

2nd period


0:01 of 2nd period - Joe Pavelski wins face-off versus Matt Duchene in neutral zone.
0:32 of 2nd period - Shot by Andre Benoit.
0:32 of 2nd period - Stopped by Philipp Grubauer with a rebound.
0:36 of 2nd period - Shot by Matt Moulson.
0:36 of 2nd period - Shot Blocked by Sami Salo.
0:56 of 2nd period - Shot by Christian Ehrhoff.
0:56 of 2nd period - Shot Misses the Net.
0:59 of 2nd period - Icing by Sami Salo.
1:00 of 2nd period - David Backes wins face-off versus Joe Pavelski in Panthers zone.
1:18 of 2nd period - Shot by Joe Pavelski.
1:18 of 2nd period - Deflect By Corey Perry.
1:18 of 2nd period - Stopped by Philipp Grubauer with a rebound.
1:20 of 2nd period - Shot by Corey Perry.
1:20 of 2nd period - Deflect By Anders Lee.
1:20 of 2nd period - Stopped by Philipp Grubauer without a rebound.
1:21 of 2nd period - Boyd Gordon wins face-off versus Matt Duchene in Panthers zone.
1:56 of 2nd period - Shot by Boyd Gordon.
1:56 of 2nd period - Stopped by Philipp Grubauer without a rebound.
1:57 of 2nd period - Joe Pavelski wins face-off versus Nathan MacKinnon in Panthers zone.
2:07 of 2nd period - Joe Pavelski is hit by Matt Carle and loses puck.
2:20 of 2nd period - Corey Perry is hit by Nathan MacKinnon and loses puck.
2:42 of 2nd period - Icing by Connor Murphy.
2:43 of 2nd period - Matt Duchene wins face-off versus Joe Pavelski in Jets zone.
2:44 of 2nd period - Shot by Henrik Zetterberg.
2:44 of 2nd period - Shot Misses the Net.
2:46 of 2nd period - Shot by Marian Hossa.
2:46 of 2nd period - Shot Misses the Net.
3:10 of 2nd period - Shot by Troy Brouwer.
3:10 of 2nd period - Shot Misses the Net.
3:12 of 2nd period - Shot by Matt Moulson.
3:12 of 2nd period - Shot Misses the Net.
3:14 of 2nd period - Shot by Andre Benoit.
3:14 of 2nd period - Shot Misses the Net.
3:16 of 2nd period - Shot by Troy Brouwer.
3:16 of 2nd period - Shot Blocked by Niklas Hjalmarsson.
3:18 of 2nd period - Shot by Andre Benoit.
3:18 of 2nd period - Shot Misses the Net.
3:20 of 2nd period - Shot by Jamie Benn.
3:20 of 2nd period - Deflect By Matt Moulson.
3:20 of 2nd period - Stopped by Philipp Grubauer without a rebound.
3:21 of 2nd period - David Backes wins face-off versus Nick Bonino in Panthers zone.
4:25 of 2nd period - Shot by Clarke MacArthur.
4:25 of 2nd period - Shot Misses the Net.
5:11 of 2nd period - Shot by Marian Hossa.
5:11 of 2nd period - Shot Blocked by Joe Pavelski.
5:29 of 2nd period - Shot by Henrik Zetterberg.
5:29 of 2nd period - The goal is going for a video replay.
5:29 of 2nd period - The goal is good.
5:29 of 2nd period - Goal by Henrik Zetterberg - Jets : 5 - Panthers : 4.
5:30 of 2nd period - Jamie Benn wins face-off versus David Backes in neutral zone.
5:47 of 2nd period - Shot by Jamie Benn.
5:47 of 2nd period - Stopped by Philipp Grubauer without a rebound.
5:48 of 2nd period - Matt Duchene wins face-off versus Boyd Gordon in Panthers zone.
6:09 of 2nd period - Shot by Pascal Dupuis.
6:09 of 2nd period - Shot Blocked by Danny DeKeyser.
6:24 of 2nd period - Icing by Henrik Zetterberg.
6:25 of 2nd period - Marian Hossa wins face-off versus Matt Moulson in Panthers zone.
6:42 of 2nd period - Shot by Jamie Benn.
6:42 of 2nd period - Stopped by Philipp Grubauer without a rebound.
6:43 of 2nd period - Joe Pavelski wins face-off versus David Backes in Panthers zone.
6:48 of 2nd period - Shot by Corey Perry.
6:48 of 2nd period - Shot Misses the Net.
6:50 of 2nd period - Shot by Joe Pavelski.
6:50 of 2nd period - Stopped by Philipp Grubauer with a rebound.
6:52 of 2nd period - Shot by Corey Perry.
6:52 of 2nd period - Shot Blocked by Matt Carle.
6:56 of 2nd period - Shot by Joe Pavelski.
6:56 of 2nd period - Shot Misses the Net.
6:58 of 2nd period - Shot by Joe Pavelski.
6:58 of 2nd period - Stopped by Philipp Grubauer without a rebound.
6:59 of 2nd period - Nathan MacKinnon wins face-off versus Jamie Benn in Panthers zone.
7:17 of 2nd period - Lauri Korpikoski is hit by Connor Murphy and loses puck.
7:23 of 2nd period - Icing by Kimmo Timonen.
7:24 of 2nd period - Matt Duchene wins face-off versus Jamie Benn in Jets zone.
7:24 of 2nd period - Henrik Zetterberg is hit by Connor Murphy and loses puck.
7:37 of 2nd period - Shot by Jamie Benn.
7:37 of 2nd period - Deflect By Matt Moulson.
7:37 of 2nd period - Stopped by Philipp Grubauer with a rebound.
7:39 of 2nd period - Shot by Kimmo Timonen.
7:39 of 2nd period - Stopped by Philipp Grubauer without a rebound.
7:40 of 2nd period - Joe Pavelski wins face-off versus David Backes in Panthers zone.
8:07 of 2nd period - David Backes is hit by Joe Pavelski and loses puck.
8:41 of 2nd period - Icing by T.J. Brodie.
8:42 of 2nd period - Matt Duchene wins face-off versus Jamie Benn in Panthers zone.
9:20 of 2nd period - Shot by Henrik Zetterberg.
9:20 of 2nd period - Shot Misses the Net.
9:59 of 2nd period - Shot by Matt Read.
9:59 of 2nd period - Shot Misses the Net.
10:23 of 2nd period - Shot by Matt Read.
10:23 of 2nd period - Shot Blocked by Sami Salo.
10:25 of 2nd period - Shot by Jason Garrison.
10:25 of 2nd period - Stopped by Philipp Grubauer without a rebound.
10:26 of 2nd period - Joe Pavelski wins face-off versus David Backes in Panthers zone.
10:43 of 2nd period - Shot by Joe Pavelski.
10:43 of 2nd period - Shot Misses the Net.
10:59 of 2nd period - Shot by Corey Perry.
10:59 of 2nd period - Stopped by Philipp Grubauer without a rebound.
11:00 of 2nd period - Boyd Gordon wins face-off versus Matt Duchene in Panthers zone.
11:07 of 2nd period - Shot by Pascal Dupuis.
11:07 of 2nd period - Shot Misses the Net.
11:14 of 2nd period - Icing by Matt Carle.
11:15 of 2nd period - Matt Duchene wins face-off versus Jamie Benn in Panthers zone.
11:15 of 2nd period - Henrik Zetterberg is hit by Troy Brouwer and loses puck.
11:27 of 2nd period - Minor Penalty to Jamie Benn for Hooking.
11:28 of 2nd period - Boyd Gordon wins face-off versus David Backes in Jets zone.
11:44 of 2nd period - Shot by Danny DeKeyser.
11:44 of 2nd period - Stopped by Tim Thomas without a rebound.
11:45 of 2nd period - Boyd Gordon wins face-off versus Henrik Zetterberg in Jets zone.
11:45 of 2nd period - Boyd Gordon is hit by Matt Duchene.
12:04 of 2nd period - Shot by Matt Duchene.
12:04 of 2nd period - Stopped by Tim Thomas with a rebound.
12:23 of 2nd period - Icing by Henrik Zetterberg.
12:24 of 2nd period - Henrik Zetterberg wins face-off versus Boyd Gordon in Panthers zone.
12:26 of 2nd period - Icing by Nathan MacKinnon.
12:27 of 2nd period - Boyd Gordon wins face-off versus Matt Duchene in Panthers zone.
12:42 of 2nd period - Shot by Matt Duchene.
12:42 of 2nd period - Stopped by Tim Thomas with a rebound.
12:44 of 2nd period - Shot by T.J. Brodie.
12:44 of 2nd period - Stopped by Tim Thomas without a rebound.
12:45 of 2nd period - David Backes wins face-off versus Boyd Gordon in Jets zone.
13:00 of 2nd period - Shot by Hampus Lindholm.
13:00 of 2nd period - Shot Misses the Net.
13:02 of 2nd period - Shot by David Backes.
13:02 of 2nd period - Stopped by Tim Thomas with a rebound.
13:04 of 2nd period - Shot by Patric Hornqvist.
13:04 of 2nd period - Stopped by Tim Thomas without a rebound.
13:05 of 2nd period - Anders Lee wins face-off versus Nathan MacKinnon in Jets zone.
13:05 of 2nd period - Anders Lee is hit by Nathan MacKinnon.
13:29 of 2nd period - Icing by Connor Murphy.
13:30 of 2nd period - David Backes wins face-off versus Troy Brouwer in Jets zone.
14:10 of 2nd period - Shot by Patric Hornqvist.
14:10 of 2nd period - Shot Blocked by Christian Ehrhoff.
14:19 of 2nd period - Icing by Andre Benoit.
14:20 of 2nd period - Jamie Benn wins face-off versus Matt Duchene in Jets zone.
14:20 of 2nd period - Jamie Benn is hit by Henrik Zetterberg.
14:40 of 2nd period - Shot by Corey Perry.
14:40 of 2nd period - Shot Misses the Net.
14:42 of 2nd period - Shot by Connor Murphy.
14:42 of 2nd period - Stopped by Philipp Grubauer without a rebound.
14:43 of 2nd period - Nathan MacKinnon wins face-off versus Nick Bonino in Panthers zone.
15:06 of 2nd period - Shot by Clarke MacArthur.
15:06 of 2nd period - Stopped by Tim Thomas with a rebound.
15:12 of 2nd period - Shot by Justin Williams.
15:12 of 2nd period - Goal by Justin Williams - Jets : 5 - Panthers : 5.
15:13 of 2nd period - Joe Pavelski wins face-off versus Matt Duchene in neutral zone.
15:53 of 2nd period - Shot by Corey Perry.
15:53 of 2nd period - Shot Misses the Net.
16:08 of 2nd period - Minor Penalty to Corey Perry for Interference.
16:09 of 2nd period - Boyd Gordon wins face-off versus David Backes in Jets zone.
17:49 of 2nd period - Shot by David Backes.
17:49 of 2nd period - Shot Misses the Net.
18:13 of 2nd period - Shot by Clarke MacArthur.
18:13 of 2nd period - Stopped by Tim Thomas without a rebound.
18:14 of 2nd period - Jamie Benn wins face-off versus Justin Williams in Jets zone.
19:01 of 2nd period - Icing by T.J. Brodie.
19:02 of 2nd period - Rick Nash wins face-off versus Corey Perry in Panthers zone.
19:35 of 2nd period - Shot by Joe Pavelski.
19:35 of 2nd period - Shot Blocked by David Backes.
19:37 of 2nd period - Shot by Joe Pavelski.
19:37 of 2nd period - Stopped by Philipp Grubauer without a rebound.
19:38 of 2nd period - Matt Duchene wins face-off versus Nick Bonino in Panthers zone.
19:57 of 2nd period - Icing by Matt Duchene.
19:58 of 2nd period - Jamie Benn wins face-off versus Matt Duchene in Panthers zone.
Goals for this period are 0 for Jets vs 2 for Panthers.
Shots for this period are 15 for Jets vs 10 for Panthers.

3rd period


0:01 of 3rd period - Henrik Zetterberg wins face-off versus Joe Pavelski in neutral zone.
0:39 of 3rd period - Joe Pavelski is hit by Danny DeKeyser and loses puck.
1:24 of 3rd period - Shot by Patric Hornqvist.
1:24 of 3rd period - Stopped by Tim Thomas without a rebound.
1:25 of 3rd period - Nathan MacKinnon wins face-off versus Nick Bonino in Jets zone.
1:34 of 3rd period - Shot by Nathan MacKinnon.
1:34 of 3rd period - Shot Misses the Net.
1:36 of 3rd period - Shot by Sami Salo.
1:36 of 3rd period - Stopped by Tim Thomas without a rebound.
1:37 of 3rd period - Boyd Gordon wins face-off versus Patric Hornqvist in Jets zone.
2:04 of 3rd period - Shot by Boyd Gordon.
2:04 of 3rd period - Shot Misses the Net.
2:06 of 3rd period - Shot by Nicklas Grossmann.
2:06 of 3rd period - Shot Misses the Net.
2:08 of 3rd period - Shot by Matt Read.
2:08 of 3rd period - Shot Misses the Net.
2:10 of 3rd period - Shot by Matt Read.
2:10 of 3rd period - Stopped by Philipp Grubauer without a rebound.
2:11 of 3rd period - Joe Pavelski wins face-off versus Nathan MacKinnon in Panthers zone.
2:30 of 3rd period - Joe Pavelski is hit by Clarke MacArthur and loses puck.
2:35 of 3rd period - Shot by Nathan MacKinnon.
2:35 of 3rd period - Shot Misses the Net.
2:39 of 3rd period - Shot by Justin Williams.
2:39 of 3rd period - Shot Misses the Net.
2:49 of 3rd period - Shot by Justin Williams.
2:49 of 3rd period - Goal by Justin Williams - Jets : 5 - Panthers : 6.
2:50 of 3rd period - Jamie Benn wins face-off versus Matt Duchene in neutral zone.
3:05 of 3rd period - Shot by Troy Brouwer.
3:05 of 3rd period - Shot Misses the Net.
3:17 of 3rd period - Shot by Marian Hossa.
3:17 of 3rd period - Stopped by Tim Thomas without a rebound.
3:18 of 3rd period - David Backes wins face-off versus Nick Bonino in Jets zone.
3:25 of 3rd period - Shot by Patric Hornqvist.
3:25 of 3rd period - Shot Blocked by Jonathan Ericsson.
3:31 of 3rd period - Shot by David Backes.
3:31 of 3rd period - Deflect By Rick Nash.
3:31 of 3rd period - Shot Misses the Net.
3:33 of 3rd period - Shot by David Backes.
3:33 of 3rd period - Goal by David Backes - Jets : 5 - Panthers : 7.
3:33 of 3rd period - Cory Schneider enters game.
3:34 of 3rd period - Joe Pavelski wins face-off versus Matt Duchene in neutral zone.
3:47 of 3rd period - Shot by Corey Perry.
3:47 of 3rd period - Stopped by Philipp Grubauer without a rebound.
3:48 of 3rd period - Jamie Benn wins face-off versus David Backes in Panthers zone.
3:53 of 3rd period - Shot by Jamie Benn.
3:53 of 3rd period - Stopped by Philipp Grubauer with a rebound.
4:29 of 3rd period - Shot by Jamie Benn.
4:29 of 3rd period - Shot Misses the Net.
5:24 of 3rd period - Shot by Joe Pavelski.
5:24 of 3rd period - Stopped by Philipp Grubauer without a rebound.
5:25 of 3rd period - Nathan MacKinnon wins face-off versus Nick Bonino in Panthers zone.
5:54 of 3rd period - Shot by Matt Read.
5:54 of 3rd period - Shot Blocked by Hampus Lindholm.
5:56 of 3rd period - Shot by Matt Read.
5:56 of 3rd period - Stopped by Philipp Grubauer with a rebound.
6:06 of 3rd period - Shot by Jonathan Ericsson.
6:06 of 3rd period - Shot Blocked by Hampus Lindholm.
6:31 of 3rd period - Icing by Hampus Lindholm.
6:32 of 3rd period - Jamie Benn wins face-off versus Nathan MacKinnon in Panthers zone.
6:33 of 3rd period - Shot by Matt Moulson.
6:33 of 3rd period - Shot Misses the Net.
8:08 of 3rd period - Kimmo Timonen is hit by Patric Hornqvist.
8:41 of 3rd period - Minor Penalty to David Backes for High sticking.
8:42 of 3rd period - Henrik Zetterberg wins face-off versus Joe Pavelski in Panthers zone.
8:42 of 3rd period - Henrik Zetterberg is hit by Corey Perry.
9:00 of 3rd period - Off-side.
9:01 of 3rd period - Jamie Benn wins face-off versus Patric Hornqvist in neutral zone.
9:40 of 3rd period - Icing by Corey Perry.
9:41 of 3rd period - Joe Pavelski wins face-off versus Patric Hornqvist in Jets zone.
9:54 of 3rd period - Shot by Joe Pavelski.
9:54 of 3rd period - Stopped by Philipp Grubauer without a rebound.
9:55 of 3rd period - Patric Hornqvist wins face-off versus Joe Pavelski in Panthers zone.
10:23 of 3rd period - Shot by Kimmo Timonen.
10:23 of 3rd period - Shot Blocked by Matt Carle.
10:29 of 3rd period - Kimmo Timonen is hit by Lauri Korpikoski and loses puck.
10:47 of 3rd period - Off-side.
10:48 of 3rd period - Matt Read wins face-off versus Matt Duchene in neutral zone.
11:13 of 3rd period - Shot by Henrik Zetterberg.
11:13 of 3rd period - Shot Misses the Net.
11:22 of 3rd period - Marian Hossa is hit by Nicklas Grossmann and loses puck.
11:45 of 3rd period - Sami Salo is hit by Matt Read and loses puck.
12:02 of 3rd period - Shot by Nathan MacKinnon.
12:02 of 3rd period - Shot Misses the Net.
12:04 of 3rd period - Shot by Clarke MacArthur.
12:04 of 3rd period - Stopped by Cory Schneider without a rebound.
12:05 of 3rd period - Rick Nash wins face-off versus Jamie Benn in Jets zone.
12:12 of 3rd period - Shot by Patric Hornqvist.
12:12 of 3rd period - Shot Misses the Net.
12:17 of 3rd period - Christian Ehrhoff is hit by T.J. Brodie and loses puck.
12:51 of 3rd period - Shot by Patric Hornqvist.
12:51 of 3rd period - Stopped by Cory Schneider without a rebound.
12:52 of 3rd period - Matt Duchene wins face-off versus Joe Pavelski in Jets zone.
12:59 of 3rd period - Shot by Anders Lee.
12:59 of 3rd period - Stopped by Philipp Grubauer without a rebound.
13:00 of 3rd period - Matt Duchene wins face-off versus Joe Pavelski in Panthers zone.
13:00 of 3rd period - Matt Duchene is hit by Anders Lee.
13:10 of 3rd period - Henrik Zetterberg is hit by Anders Lee and loses puck.
13:25 of 3rd period - Niklas Hjalmarsson is hit by Connor Murphy and loses puck.
13:37 of 3rd period - Minor Penalty to Connor Murphy for Hooking.
13:38 of 3rd period - Boyd Gordon wins face-off versus David Backes in Jets zone.
13:55 of 3rd period - Shot by T.J. Brodie.
13:55 of 3rd period - Shot Blocked by Nicklas Grossmann.
13:57 of 3rd period - Shot by Matt Carle.
13:57 of 3rd period - Shot Hit the Post.
14:18 of 3rd period - Shot by Matt Carle.
14:18 of 3rd period - Shot Misses the Net.
14:34 of 3rd period - Icing by Danny DeKeyser.
14:35 of 3rd period - Matt Duchene wins face-off versus Boyd Gordon in Panthers zone.
15:04 of 3rd period - Shot by Danny DeKeyser.
15:04 of 3rd period - Stopped by Cory Schneider without a rebound.
15:05 of 3rd period - David Backes wins face-off versus Jamie Benn in Jets zone.
15:33 of 3rd period - Shot by T.J. Brodie.
15:33 of 3rd period - Stopped by Cory Schneider with a rebound.
15:54 of 3rd period - Icing by Jason Garrison.
15:55 of 3rd period - Joe Pavelski wins face-off versus Rob Klinkhammer in Jets zone.
16:14 of 3rd period - Shot by Joe Pavelski.
16:14 of 3rd period - Stopped by Philipp Grubauer without a rebound.
16:15 of 3rd period - David Backes wins face-off versus Jamie Benn in Panthers zone.
16:20 of 3rd period - Kimmo Timonen is hit by David Backes and loses puck.
16:52 of 3rd period - Icing by Matt Carle.
16:53 of 3rd period - Joe Pavelski wins face-off versus David Backes in Panthers zone.
17:00 of 3rd period - Shot by Andre Benoit.
17:00 of 3rd period - Stopped by Philipp Grubauer without a rebound.
17:01 of 3rd period - Joe Pavelski wins face-off versus Henrik Zetterberg in Panthers zone.
17:35 of 3rd period - Marian Hossa is hit by Andre Benoit and loses puck.
17:53 of 3rd period - Icing by Marian Hossa.
17:54 of 3rd period - Matt Duchene wins face-off versus Boyd Gordon in Panthers zone.
18:10 of 3rd period - Pascal Dupuis is hit by T.J. Brodie and loses puck.
18:11 of 3rd period - Minor Penalty to Matt Carle for Cross-checking.
18:12 of 3rd period - Jamie Benn wins face-off versus David Backes in Panthers zone.
18:19 of 3rd period - Shot by Kimmo Timonen.
18:19 of 3rd period - Stopped by Philipp Grubauer without a rebound.
18:19 of 3rd period - Minor Penalty to Philipp Grubauer for Slashing.
18:20 of 3rd period - David Backes wins face-off versus Jamie Benn in Panthers zone.
18:35 of 3rd period - Shot by Matt Moulson.
18:35 of 3rd period - Shot Blocked by Danny DeKeyser.
18:37 of 3rd period - Shot by Connor Murphy.
18:37 of 3rd period - Shot Misses the Net.
18:55 of 3rd period - Shot by Jamie Benn.
18:55 of 3rd period - Deflect By Troy Brouwer.
18:55 of 3rd period - Stopped by Philipp Grubauer without a rebound.
18:55 of 3rd period - Minor Penalty to Philipp Grubauer for Delaying the game.
18:56 of 3rd period - Joe Pavelski wins face-off versus David Backes in Panthers zone.
19:23 of 3rd period - Shot by Christian Ehrhoff.
19:23 of 3rd period - Stopped by Philipp Grubauer without a rebound.
19:24 of 3rd period - David Backes wins face-off versus Jamie Benn in Panthers zone.
19:57 of 3rd period - Shot by Kimmo Timonen.
19:57 of 3rd period - Shot Misses the Net.
Goals for this period are 0 for Jets vs 2 for Panthers.
Shots for this period are 12 for Jets vs 9 for Panthers.


Output by the SimonT Hockey Simulator (STHS) for Stephane Roy -- Original Page W3C XHTML 1.0 Valid
Hockey Simulator - Hockey Simulation - Hockey Manager